 Dungeon Crawl Stone Soup version 0.30-a0-862-g1aabd4f9c5 (webtiles) character file.

Game seed: 1850401208326544628

29330 Newt the Markskobold (level 13, 0/77 HPs)
             Began as a Kobold Hunter on Mar 9, 2023.
             Was a Believer of Hepliaklqana.
             Slain by a meliai
             ... wielding a +0 hand axe
              (13 damage)
             ... on level 2 of the Lair of Beasts.
             The game lasted 00:20:17 (15532 turns).

Newt the Markskobold (Kobold Hunter)               Turns: 15532, Time: 00:20:19

Health: 0/77       AC:  9    Str:  4    XL:     13   Next: 80%
Magic:  7/7        EV: 35    Int:  9    God:    Hepliaklqana [**....]
Gold:   1568       SH:  5    Dex: 27    Spells: 24/24 levels left

rFire   + . .      SeeInvis +    p - +8 sling of the New World {antimagic, rElec rF- Will- rCorr}
rCold   + + .      Faith    .    (no shield)
rNeg    . . .      Spirit   .    Y - +2 animal skin of Piadylul {rPois Str-4 Slay+2}
rPois   +          Reflect  +    (no helmet)
rElec   +          Rampage  .    g - scarf {rC+ rF+}
rCorr   +                        U - +1 pair of gloves "Hero's Friend" {rC+ rCorr SInv}
Will    .....                    D - +1 pair of boots
Stlth   ++++                     T - amulet of reflection
HPRegen 0.32/turn                k - +5 ring of evasion
MPRegen 0.10/turn                v - +5 ring of evasion

@: no status effects
A: reduced essence, small, no large weapons, nightstalker 3, agile 1, fire
resistance 1, sense surroundings 1
a: Renounce Religion, Recall Ancestor, Ancestor Identity


You were on level 2 of the Lair of Beasts.
You worshipped Hepliaklqana.
Hepliaklqana was pleased with you.
You visited 3 branches of the dungeon, and saw 15 of its levels.
You also visited: Sewer and Volcano.

You collected 1568 gold pieces.

Inventory:

Hand Weapons
 a - a +0 shortbow
 p - the +8 sling of the New World (weapon) {antimagic, rElec rF- Will- rCorr}
   (You acquired it on level 2 of the Dungeon)

   rF:        It makes you vulnerable to fire.
   rElec:     It insulates you from electricity.
   rCorr:     It protects you from acid and corrosion.
   Will:      It decreases your willpower.
 w - a +3 sling of draining
 I - a +1 heavy shortbow
 K - a +2 shortbow of electrocution
 N - a +2 sling of flaming
Missiles
 R - 2 throwing nets
Armour
 g - a scarf of resistance (worn)
 u - the +1 ring mail of the Accordion {Harm Int+3}
   (You found it on level 3 of the Dungeon)

   Int:       It affects your intelligence (+3).
   Harm:      It increases damage dealt and taken.
 D - a +1 pair of boots (worn)
 H - the +5 pair of gloves "Hirar" {Rampage}
   (You found it on level 6 of the Dungeon)

   Rampage:   It bestows one free step when moving towards enemies.
 U - the +1 pair of gloves "Hero's Friend" (worn) {rC+ rCorr SInv}
   (You found it on level 1 of the Lair of Beasts)

   rC:        It protects you from cold.
   SInv:      It lets you see invisible.
   rCorr:     It protects you from acid and corrosion.
 W - +0 acid dragon scales
 Y - the +2 animal skin of Piadylul (worn) {rPois Str-4 Slay+2}
   (You took it off an orc on level 11 of the Dungeon)

   Str:       It affects your strength (-4).
   Slay:      It affects your accuracy & damage with ranged weapons and melee
   (+2).
   rPois:     It protects you from poison.
Jewellery
 k - a +5 ring of evasion (left hand)
 q - a ring of poison resistance
 v - a +5 ring of evasion (right hand)
 T - an amulet of reflection (around neck)
Wands
 m - a wand of charming (1)
 x - a wand of polymorph (14)
 y - a wand of quicksilver (39)
 Q - a wand of roots (11)
 S - a wand of flame (11)
Scrolls
 b - 2 scrolls of immolation
 d - 6 scrolls of blinking
 j - 5 scrolls of teleportation
 l - 2 scrolls of poison
 n - 2 scrolls of enchant armour
 o - 2 scrolls of fear
 z - 3 scrolls of butterflies
 C - 2 scrolls of amnesia
 G - 2 scrolls of enchant weapon
 V - 2 scrolls of fog
 X - 2 scrolls of silence
Potions
 c - 2 potions of flight
 e - 7 potions of brilliance
 h - 3 potions of ambrosia
 i - 7 potions of curing
 r - 6 potions of lignification
 s - a potion of mutation
 t - 5 potions of heal wounds
 A - a potion of cancellation
 B - a potion of resistance
 E - 2 potions of berserk rage
 F - 3 potions of haste
 J - 3 potions of might {unknown}
 O - a potion of magic
 Z - 2 potions of invisibility
Miscellaneous
 f - a piece from Xom's chessboard (15/15)
 L - a phial of floods
 M - a tin of tremorstones (2/2)


   Skills:
 - Level 12.0 Fighting
 - Level 16.0 Ranged Weapons
 * Level 6.4 Armour
 - Level 10.0 Dodging
 - Level 1.3 Stealth
 - Level 6.0 Spellcasting
 - Level 6.0 Invocations
 - Level 10.0 Evocations


You had 24 spell levels left.
You didn't know any spells.
Your spell library contained the following spells:

 Spells                   Type           Power      Damage    Failure   Level
 Foxfire                  Conj/Fire      8%         2x1d4     22%         1
 Sandblast                Erth           4%         2d4       22%         1
 Summon Small Mammal      Summ           8%         N/A       22%         1
 Ensorcelled Hibernation  Hex/Ice        4%         N/A       32%         2
 Passwall                 Tmut/Erth      1%         N/A       32%         2
 Call Canine Familiar     Summ           2%         N/A       54%         3
 Ignite Poison            Fire/Tmut/Pois 2%         N/A       54%         3
 Kindle Blastsparks       Fire/Tloc/Air  4%         2d10      54%         3
 Ozocubu's Armour         Ice            2%         N/A       54%         3
 Portal Projectile        Hex/Tloc       4%         N/A       54%         3
 Stone Arrow              Conj/Erth      4%         3d7       54%         3
 Summon Guardian Golem    Hex/Summ       2%         N/A       54%         3
 Swiftness                Air            2%         N/A       54%         3
 Tukima's Dance           Hex            2%         N/A       54%         3
 Animate Armour           Summ/Erth      4%         N/A       91%         4
 Blade Hands              Tmut           1%         N/A       99%         5
 Fireball                 Conj/Fire      1%         3d3       99%         5
 Freezing Cloud           Conj/Ice/Air   1%         6-21      99%         5
 Iron Shot                Conj/Erth      1%         9d1       100%        6
 Starburst                Conj/Fire      1%         6d3       100%        6
 Ozocubu's Refrigeration  Ice            1%         4d7       100%        7
 Borgnjor's Revivificati  Necr           1%         N/A       100%        8
 Necromutation            Tmut/Necr      1%         N/A       100%        8
 Death's Door             Necr           1%         N/A       100%        9


Dungeon Overview and Level Annotations

Branches:
Dungeon (12/15)            Temple (1/1) D:4            Lair (2/5) D:9
 Shoals (0/4) Lair:2        Snake (0/4) Lair:2          Orc (0/2) D:11
  Sewer (visited)         Volcano (visited)

Altars:
Ashenzari
Cheibriados
Dithmenos
Elyvilon
Fedhas
Gozag
Hepliaklqana
Kikubaaqudgha
Makhleb
Nemelex Xobeh
Okawaru
Qazlal
Sif Muna
Trog
Uskayaw
Vehumet
Wu Jian
Xom
Yredelemnul
Zin
The Shining One

Shops:
D:1 (

Annotations:
D:10 4 transporters


Innate Abilities, Weirdness & Mutations

Your life essence is reduced to manifest your ancestor. (-10% HP)
You are small and have problems with some larger weapons.
You are completely attuned to the shadows.
You are agile. (Dex +4, Str/Int -1)
Your flesh is heat resistant. (rF+)
You passively map a small area around you.


Message History

You shoot a sling bullet. The sling bullet hits the killer bee!
You kill the killer bee!
The meliai calls down the wrath of its god upon you.
Something smites you!
* * * LOW HITPOINT WARNING * * *
Fire: p) +8 sling of the New World {antimagic, rElec rF- Will- rCorr}
Press: ? - help, Shift-Dir - straight line, f/p - meliai
Aim: a meliai, wielding a +0 hand axe and wearing a +0 leather armour (71% to hit)
You shoot a sling bullet. The sling bullet hits the killer bee!
The killer bee is severely wounded.
The killer bee completely misses you.
You feel better.
The killer bee completely misses you. x2
Unknown command.
Fire: p) +8 sling of the New World {antimagic, rElec rF- Will- rCorr}
Press: ? - help, Shift-Dir - straight line, f/p - meliai
Aim: a meliai, wielding a +0 hand axe and wearing a +0 leather armour (71% to hit)
You shoot a sling bullet. The sling bullet hits the killer bee.
You kill the killer bee!
The meliai completely misses you. The meliai barely misses you.
Fire: p) +8 sling of the New World {antimagic, rElec rF- Will- rCorr}
Press: ? - help, Shift-Dir - straight line, f/p - meliai
Aim: a meliai, wielding a +0 hand axe and wearing a +0 leather armour (71% to hit)
You shoot a sling bullet. The sling bullet hits the meliai!
The meliai is heavily wounded.
The meliai hits you with a +0 hand axe!
* * * LOW HITPOINT WARNING * * *
You block the meliai's attack.
You feel much better. The meliai hits you with a +0 hand axe!
* * * LOW HITPOINT WARNING * * *
The meliai stings you.
* * * LOW HITPOINT WARNING * * *
You block the meliai's attack. The meliai stings you.
* * * LOW HITPOINT WARNING * * *
Fire: p) +8 sling of the New World {antimagic, rElec rF- Will- rCorr}
Press: ? - help, Shift-Dir - straight line, f/p - meliai
Aim: a meliai, wielding a +0 hand axe and wearing a +0 leather armour (heavily wounded, 71% to hit)
You shoot a sling bullet. The sling bullet hits the meliai.
The meliai is severely wounded.
The meliai hits you with a +0 hand axe!
You die...

......#*#.....#**,,,,,****,,,,*
......# #..#..# *,,*,,* *,,,,,*
......###.....###,,,,,****,,,,*
......#.##...R#.##,,.##.##,,,**
...R#....÷#.##)..##,#.....*,**
....#.....###.....#*#..†..***
....#.....# #.....# #y.#..*
....#.....###.....###.y...*
....##...##.#...@##.#)yF.#*
....###.##....#.#yl..##.##
....##**#.....###Y....###
.....## #.....# #..#..# ****
......###.....###.....#**,,*
.......###....#.#....##*,,**
.......#*##.#....##.##**,,**
.....)..**###.....###**,,,,**
........,** #.....# **,,,,,,*


You could see a yak, a wyvern and a meliai.

Vanquished Creatures
  The ghost of Epaggetor the Severer, a journeyman HOFi of Zin (D:12)
  A fire dragon (Volcano)
  A boulder beetle (D:12)
  2 two-headed ogres
  4 sun demons (Volcano)
  Nergalle (Lair:1)
  Amaemon (Lair:1)
  Lodul (D:11)
  A deep elf pyromancer (D:12)
  The ghost of cforsyth the Geomancer, a novice DEEE of Vehumet (D:8)
  3 elephants (Lair:2)
  Joseph (Lair:1)
  A smoke demon (Volcano)
  An orange demon (Lair:1)
  6 cane toads
  A gargoyle (D:12)
  2 rime drakes (Lair:2)
  4 kobold demonologists
  A komodo dragon (D:10)
  2 trolls
  A queen bee (Lair:2)
  3 meliai (Lair:2)
  A hornet (D:8)
  6 blink frogs (Lair:2)
  Grinder (D:4)
  2 wraiths
  A shadow (D:8)
  8 yaks
  Eustachio (D:5)
  3 wyverns
  A vampire (D:10)
  A basilisk (Lair:2)
  7 steam dragons
  Edmund (D:5)
  2 acid dragons (D:12)
  2 water moccasins
  2 hell hounds (Volcano)
  A swamp drake (D:11)
  5 orc warriors
  4 black bears
  2 ice beasts (D:6)
  2 sky beasts (D:6)
  10 ogres
  6 wolves
  10 centaurs
  A phantom (D:5)
  7 kobold brigands
  A gnoll sergeant (D:10)
  10 bullfrogs
  2 scorpions (D:6)
  9 wights
  19 killer bees (Lair:2)
  3 howler monkeys
  9 orc priests
  Crazy Yiuf (D:4)
  5 hounds
  2 jellies
  7 iguanas
  Terence (D:2)
  11 orc wizards
  2 hell rats (Lair:1)
  Robin (D:3)
  7 gnolls
  14 adders
  7 river rats (Lair:1)
  3 white imps
  An ufetubus (D:6)
  2 adder zombies (D:3)
  3 worms
  3 dart slugs
  42 orcs
  8 ball pythons
  9 bats
  6 endoplasms
  11 giant cockroaches
  15 goblins
  11 hobgoblins
  3 jackals
  5 quokkas
  7 frilled lizards
  A jackal zombie (D:3)
  37 kobolds
  5 rats
410 creatures vanquished.

Vanquished Creatures (collateral kills)
  2 yaks (Lair:1)
  A wyvern (Lair:2)
  A steam dragon (Volcano)
  A water moccasin (Lair:1)
  An acid dragon (D:11)
  A kobold brigand (D:11)
  2 bullfrogs
  2 killer bees (Lair:2)
  2 orc wizards (D:11)
  2 orcs (D:11)
  A kobold (D:11)
  2 butterflies (Lair:1)
18 creatures vanquished.

Vanquished Creatures (others)
  4 knights
  2 ancestors
  5 fungi
  10 plants
21 creatures vanquished.

Grand Total: 449 creatures vanquished

Notes
Turn   | Place    | Note
-------+----------+-------------------------------------------
     0 | D:1      | Newt the Kobold Hunter began the quest for the Orb.
     0 | D:1      | Reached XP level 1. HP: 12/12 MP: 1/1
    86 | D:1      | Reached XP level 2. HP: 18/18 MP: 2/2
   132 | D:1      | Found Leypemuy's Antique Weapon Shop.
   271 | D:1      | Reached XP level 3. HP: 23/23 MP: 3/3
   819 | D:2      | Identified 2 scrolls of acquirement
   819 | D:2      | Acquired the +8 sling of the New World {antimagic, rElec
                  | rF- Will- rCorr}
   822 | D:2      | Acquired a scarf of resistance
   931 | D:2      | Reached XP level 4. HP: 30/30 MP: 1/4
  1125 | D:2      | Noticed Terence
  1128 | D:2      | Killed Terence
  1129 | D:2      | Reached skill level 5 in Fighting
  1129 | D:2      | Reached XP level 5. HP: 35/35 MP: 1/5
  1332 | D:2      | Reached skill level 6 in Ranged Weapons
  1415 | D:2      | Found a faded altar of an unknown god.
  1624 | D:3      | You fall into a shaft and drop 1 floor!
  1667 | D:4      | Found a runed translucent door.
  1670 | D:4      | Noticed Crazy Yiuf
  1705 | D:4      | Noticed Grinder
  1712 | D:4      | Killed Grinder
  1713 | D:4      | Reached skill level 8 in Ranged Weapons
  1713 | D:4      | Reached XP level 6. HP: 40/40 MP: 2/6
  1843 | D:3      | Found a basalt altar of Yredelemnul.
  1896 | D:3      | Noticed Robin
  1902 | D:3      | Killed Robin
  1956 | D:3      | Identified the +1 ring mail of the Accordion {Harm Int+3}
  1983 | D:3      | Found a snail-covered altar of Cheibriados.
  1984 | D:3      | Found a glowing drain.
  1989 | Sewer    | Entered a sewer
  2147 | Sewer    | Reached XP level 7. HP: 41/44 MP: 2/7
  2519 | Sewer    | Reached skill level 9 in Ranged Weapons
  2522 | Sewer    | Identified the +0 glaive of Discord {elec, rElec}
  2941 | D:3      | Found a sparkling altar of Nemelex Xobeh.
  2952 | D:3      | Found a bloodstained altar of Trog.
  2962 | D:3      | Found a white marble altar of Elyvilon.
  2976 | D:3      | Found a glowing silver altar of Zin.
  3256 | D:4      | Found a staircase to the Ecumenical Temple.
  3702 | D:4      | Killed Crazy Yiuf
  3746 | D:5      | Entered Level 5 of the Dungeon
  3804 | Temple   | Entered the Ecumenical Temple
  3880 | D:4      | Gained mutation: Your magical capacity is low. (-10% MP)
                  | [potion of mutation]
  3880 | D:4      | Gained mutation: You are vulnerable to cold. (rC-) [potion
                  | of mutation]
  3880 | D:4      | Gained mutation: You have hidden genetic potential. [potion
                  | of mutation]
  3923 | D:5      | Reached skill level 10 in Ranged Weapons
  3948 | D:5      | Reached XP level 8. HP: 33/49 MP: 2/7
  4157 | D:5      | Reached skill level 5 in Dodging
  4239 | D:5      | Gained mutation: You are covered in fur. (AC +1) [hidden
                  | potential]
  4530 | D:5      | Noticed Eustachio
  4540 | D:5      | Killed Eustachio
  4541 | D:5      | Reached skill level 11 in Ranged Weapons
  4783 | D:5      | Found a stormy altar of Qazlal.
  4819 | D:5      | Noticed Edmund
  4824 | D:5      | Killed Edmund
  4966 | D:6      | Reached skill level 12 in Ranged Weapons
  4966 | D:6      | Reached XP level 9. HP: 54/54 MP: 2/8
  4992 | D:6      | Lost mutation: Your magical capacity is low. (-10% MP)
                  | [hidden potential]
  4992 | D:6      | Lost mutation: You have hidden genetic potential. [hidden
                  | potential expressed]
  4995 | D:6      | Reached skill level 13 in Ranged Weapons
  5036 | D:6      | Found a broken altar of Ashenzari.
  5232 | D:6      | Found a shimmering blue altar of Sif Muna.
  5267 | D:6      | Identified the +5 pair of gloves "Hirar" {Rampage}
  5315 | D:6      | Reached skill level 14 in Ranged Weapons
  5388 | D:6      | Reached skill level 1 in Armour
  5729 | D:7      | Reached skill level 1 in Evocations
  5875 | D:7      | Reached XP level 10. HP: 59/59 MP: 3/10
  5934 | D:7      | Lost mutation: You are vulnerable to cold. (rC-) [potion of
                  | mutation]
  5934 | D:7      | Lost mutation: You are covered in fur. (AC +1) [potion of
                  | mutation]
  5934 | D:7      | Gained mutation: You have a somewhat thin skeletal
                  | structure. (Dex +2, Stealth+) [potion of mutation]
  5934 | D:7      | Gained mutation: You have sharp toenails. [potion of
                  | mutation]
  6305 | D:7      | Reached skill level 5 in Evocations
  7251 | D:8      | Found an ancient bone altar of Kikubaaqudgha.
  7809 | D:8      | Noticed a kobold demonologist
  7816 | D:8      | Killed a kobold demonologist
  8275 | D:8      | Reached skill level 1 in Spellcasting
  8300 | D:8      | Found a runed translucent gate.
  8302 | D:8      | Found a runed translucent gate.
  8303 | D:8      | Found a runed translucent gate.
  8388 | D:8      | Reached XP level 11. HP: 71/71 MP: 4/14
  8415 | D:8      | Noticed cforsyth's ghost (novice DEEE)
  8661 | D:8      | Killed cforsyth's ghost
  8756 | D:9      | Found a blossoming altar of Fedhas.
  8804 | D:9      | Found a hazy altar of Hepliaklqana.
  8805 | D:9      | Found a shimmering altar of Xom.
  8809 | D:9      | Became a worshipper of Hepliaklqana the Forgotten
  8924 | D:9      | Reached skill level 5 in Spellcasting
  8985 | D:9      | Found a staircase to the Lair.
  9688 | D:10     | Entered Level 10 of the Dungeon
  9839 | D:10     | Noticed a two-headed ogre
  9854 | D:10     | Killed a two-headed ogre
  9855 | D:10     | Reached skill level 15 in Ranged Weapons
 10021 | D:10     | Lost mutation: You have sharp toenails. [potion of
                  | mutation]
 10021 | D:10     | Lost mutation: You have a somewhat thin skeletal structure.
                  | (Dex +2, Stealth+) [potion of mutation]
 10021 | D:10     | Gained mutation: Your mind is acute. (Int +4, Str/Dex -1)
                  | [potion of mutation]
 10031 | D:10     | Lost mutation: Your mind is acute. (Int +4, Str/Dex -1)
                  | [potion of mutation]
 10031 | D:10     | Gained mutation: You are occasionally teleported next to
                  | monsters. [potion of mutation]
 10031 | D:10     | Gained mutation: You are partially covered in iridescent
                  | scales. (AC +2) [potion of mutation]
 10032 | D:10     | Lost mutation: You are occasionally teleported next to
                  | monsters. [potion of mutation]
 10032 | D:10     | Lost mutation: You are partially covered in iridescent
                  | scales. (AC +2) [potion of mutation]
 10032 | D:10     | Gained mutation: You passively map a small area around you.
                  | [potion of mutation]
 10032 | D:10     | Gained mutation: Your flesh is heat resistant. (rF+)
                  | [potion of mutation]
 10032 | D:10     | Gained mutation: You are agile. (Dex +4, Str/Int -1)
                  | [potion of mutation]
 10111 | D:10     | Found a transporter.
 10113 | D:10     | Found a transporter.
 10348 | D:10     | Found a transporter.
 10455 | D:10     | Found a transporter.
 10630 | D:11     | Reached * piety under Hepliaklqana
 10655 | D:11     | Noticed Lodul
 10667 | D:11     | Killed Lodul
 10668 | D:11     | Reached skill level 16 in Ranged Weapons
 11241 | D:11     | Identified the +2 animal skin of Piadylul {rPois Str-4
                  | Slay+2}
 11263 | D:11     | Reached XP level 12. HP: 68/68 MP: 7/21
 11267 | D:11     | Found a staircase to the Orcish Mines.
 11535 | D:12     | Noticed a two-headed ogre
 11539 | D:12     | Killed a two-headed ogre
 11571 | D:12     | Found a runed translucent door.
 11572 | D:12     | Noticed Epaggetor's ghost (journeyman HOFi)
 11725 | D:12     | Noticed a boulder beetle
 11757 | D:12     | Killed a boulder beetle
 11792 | D:12     | Reached skill level 10 in Dodging
 11792 | D:12     | Reached skill level 1 in Invocations
 12243 | D:12     | Reached ** piety under Hepliaklqana
 12245 | D:12     | Remembered your ancestor Audrea as a knight
 12645 | D:12     | Killed Epaggetor's ghost
 12889 | Lair:1   | Entered Level 1 of the Lair of Beasts
 12910 | Lair:1   | Reached skill level 5 in Invocations
 13027 | Lair:1   | Noticed Amaemon
 13039 | Lair:1   | Killed Amaemon
 13131 | Lair:1   | Identified the +1 pair of gloves "Hero's Friend" {rC+ rCorr
                  | SInv}
 13284 | Lair:1   | Noticed Nergalle
 13298 | Lair:1   | Killed Nergalle
 13347 | Lair:1   | Noticed Joseph
 13361 | Lair:1   | Killed Joseph
 14010 | Lair:2   | Found a staircase to the Snake Pit.
 14036 | Lair:2   | Found a dark tunnel.
 14042 | Volcano  | Entered a volcano
 14066 | Volcano  | Noticed a sun demon
 14074 | Volcano  | Killed a sun demon
 14075 | Volcano  | Reached XP level 13. HP: 69/72 MP: 7/22
 14082 | Volcano  | Reached skill level 10 in Evocations
 14294 | Volcano  | Reached skill level 10 in Fighting
 14680 | Volcano  | Noticed a fire dragon
 14694 | Volcano  | Killed a fire dragon
 15215 | Lair:2   | Reached skill level 5 in Armour
 15532 | Lair:2   | Slain by a meliai

Illustrated notes

Levels and vault maps discovered:
D:1:      minmay_arrival_jagged, layout_loops_ring, serial_shops, shop
D:2:      layout_loops_cross, shapermc_ecumenical_altar_mp_ritualfount,
          st_stairs_11, minmay_fractal_squares_gapless_5, uniq_terence
D:3:      layout_rooms, nicolae_yredelemnul_corpse_copse,
          minmay_overflow_temple_star_hex, cheibrodos_sewer_entry_drain,
          roderic_three_in_a_row, corexii_corridor_pit, uniq_robin
D:4:      layout_gridville, minmay_temple_entry_enclosed_plants,
          grunt_ministairs_15, grunt_decor_fettered, uniq_crazy_yiuf_cottage,
          uniq_grinder
D:5:      layout_loops_ring, kennysheep_mini, roderic_lattice_a, minivault_27,
          uniq_eustachio, uniq_edmund
D:6:      minmay_chambers_of_threes, layout_rooms,
          mainiacjoe_overflow_tiny_flanked, nicolae_overflow_hidden_temple
D:7:      layout_basic
D:8:      layout_basic, lemuel_tele_altar, mainiacjoe_overflow_alcove_4,
          biasface_ghost_orc_armoury, minmay_diamond_spiral
D:9:      layout_loops_ring, regret_index_temple_of_mockery,
          mainiacjoe_overflow_cross_hatched, lair_entry_dummy
D:10:     layout_basic, nicolae_transporter_circle
D:11:     layout_basic, erik_orc_1, uniq_lodul
D:12:     layout_layer_cave, gammafunk_ghost_grave
Temple:   hellmonk_temple_two_chambers
Lair:1:   layout_chaotic_city, kennysheep_rathole, lemuel_fruit_fields,
          uniq_amaemon, uniq_nergalle, uniq_joseph
Lair:2:   regret_index_combs_of_tragedy, layout_regular_city,
          shoals_dummy_entry, lightli_volcano_entry_magma_tube,
          grunt_megastairs_4

Skill      XL: |  1  2  3  4  5  6  7  8  9 10 11 12 13 |
---------------+----------------------------------------+-----
Fighting       | 3 4 5 9 12 | 12.0
Ranged Weapons | 8 10 12 14 16 | 16.0
Dodging        | 3 6 7 10 | 10.0
Armour         | 4 6 |  6.4
Evocations     | 1 6 9 10 | 10.0
Spellcasting   | 2 6 |  6.0
Invocations    | 6 |  6.0
Stealth        | |  1.3

Action                     |  1- 3 |  4- 6 |  7- 9 | 10-12 | 13-15 || total
---------------------------+-------+-------+-------+-------+-------++-------
   Fire: Shortbow          |    47 |       |       |       |       ||    47
         Sling             |    15 |    85 |   269 |   666 |   308 ||  1343
 Invoke: Ancestor Life: Kn |       |       |       |     1 |       ||     1
    Use: Scroll            |     6 |     4 |     4 |    12 |     1 ||    27
         Potion            |       |       |     2 |     5 |     8 ||    15
 Armour: Leather armour    |     7 |     6 |       |       |       ||    13
         Ring mail         |       |       |    15 |    31 |       ||    46
         Animal skin       |       |       |       |     8 |    24 ||    32
  Dodge: Dodged            |    24 |    65 |   117 |   274 |   229 ||   709
  Block: Other             |       |       |       |    21 |    51 ||    72
         Reflection        |       |       |       |     1 |     1 ||     2

Table legend: (Time is in decaauts)
 A = Elapsed time spent in this place.
 B = Non-inter-level travel time spent in this place.
 C = Inter-level travel time spent in this place.
 D = Time resting spent in this place.
 E = Time spent auto-exploring this place.
 F = Levels seen in this place.
 G = Mean time per level.
                   A        B        C        D        E       F      G
               +--------+--------+--------+--------+--------+-----+--------+
         Total |  15453 |  14708 |    745 |   1491 |  11085 |  17 |  909.0 |
       Dungeon |  12080 |  11418 |    662 |    886 |   9046 |  12 | 1006.7 |
        Temple |     31 |     25 |      6 |      0 |     21 |   1 |   31.0 |
          Lair |   1673 |   1598 |     75 |     88 |   1110 |   2 |  836.5 |
         Sewer |    834 |    834 |      0 |    133 |    595 |   1 |  834.0 |
       Volcano |    833 |    833 |      0 |    384 |    313 |   1 |  833.0 |
               +--------+--------+--------+--------+--------+-----+--------+

Top non-repeatable levels by time:
     D:8: 1675 daAuts
     D:7: 1367 daAuts
    D:12: 1321 daAuts
     D:5: 1061 daAuts
  Lair:1: 1047 daAuts
     D:9: 986 daAuts
     D:4: 965 daAuts
    D:10: 936 daAuts
    D:11: 835 daAuts
   Sewer: 834 daAuts
 Volcano: 833 daAuts
     D:1: 827 daAuts
     D:2: 801 daAuts
     D:6: 702 daAuts
  Lair:2: 625 daAuts
